TOP OF THE 1ST |
---|
Nebraska Cornhuskers batting - Pitching for Utah Utes : RHP Jacob Pearson | Pitching: RHP Jacob Pearson | | Batting: RHB Ronald Hodge | 0-0: Called Strike 0-1: Foul Ball, location: 2F 0-2: Strikes out swinging | Batting: LHB Edmund Bilbrey | 0-0: Ball 1-0: Foul Ball, location: 2F 1-1: Foul Ball, location: 2F 1-2: Strikes out looking | Batting: LHB Wes Britton | 0-0: Ball 1-0: Called Strike 1-1: Ball 2-1: Ground out 1-3 (Groundball, 15S) | Top of the 1st over - 0 runs, 0 hits, 0 errors, 0 left on base; Nebraska 0 - Utah 0 | BOTTOM OF THE 1ST |
---|
Utah Utes batting - Pitching for Nebraska Cornhuskers : RHP Bob Curtis | Pitching: RHP Bob Curtis | | Batting: RHB Leo Snyder | 0-0: Ball 1-0: Ball 2-0: Ball 3-0: Foul Ball, location: 2F 3-1: Base on Balls | Batting: LHB Thad Green | 0-0: Ball 1-0: Ball 2-0: Called Strike 2-1: Swinging Strike 2-2: Fly out, F6 (Popup, 6) | Batting: RHB Kevin Hernández | 0-0: Ball 1-0: Swinging Strike 1-1: SINGLE (Groundball, 56D) Leo Snyder to second | Batting: RHB Steve Welch | 0-0: Ball Leo Snyder steals 3rd base 1-0: Foul Ball, location: 2F 1-1: Ball 2-1: Foul Ball, location: 2F 2-2: Foul Ball, location: 2F 2-2: SINGLE (Flyball, 8LS) Leo Snyder scores Kevin Hernández to second Kevin Hernández to third | Batting: SHB Josh Conner | 0-0: Ball 1-0: Ball 2-0: Ball 3-0: Base on Balls Steve Welch to second | Batting: RHB José Ayala | 0-0: Foul Ball, location: 2F 0-1: Called Strike 0-2: Foul Ball, location: 2F 0-2: Ball 1-2: Fly out, F2 (Popup, 3SF) | Batting: RHB David Banks | 0-0: Ball 1-0: Ball 2-0: Called Strike 2-1: Called Strike 2-2: Ground out U3 (Groundball, 34S) | Bottom of the 1st over - 1 run, 2 hits, 0 errors, 3 left on base; Nebraska 0 - Utah 1 | TOP OF THE 2ND |
---|
Nebraska Cornhuskers batting - Pitching for Utah Utes : RHP Jacob Pearson | Batting: SHB David Stanley | 0-0: Ball 1-0: Foul Ball, location: 2F 1-1: Ball 2-1: Swinging Strike 2-2: Strikes out swinging | Batting: LHB Luis García | 0-0: Ball 1-0: Swinging Strike 1-1: Ball 2-1: Foul Ball, location: 2F 2-2: Fly out, F9 (Flyball, 9S) | Now in RF: Jesús Bermúdez | | Batting: RHB António Cruz | 0-0: Ball 1-0: Ball 2-0: Ground out U3 (Groundball, 3) | Top of the 2nd over - 0 runs, 0 hits, 0 errors, 0 left on base; Nebraska 0 - Utah 1 | BOTTOM OF THE 2ND |
---|
Utah Utes batting - Pitching for Nebraska Cornhuskers : RHP Bob Curtis | Batting: RHB Dustin Márquez | 0-0: Ground out U3 (Groundball, 3) | Batting: RHB Walt Miller | 0-0: Ground out 5-3 (Groundball, 56S) | Batting: RHB Leo Snyder | 0-0: Ball 1-0: Foul Ball, location: 2F 1-1: SINGLE (Groundball, 56D) | Batting: LHB Thad Green | 0-0: Called Strike 0-1: Ball 1-1: Ball 2-1: Ground out 3-1 (Groundball, 34) | Bottom of the 2nd over - 0 runs, 1 hit, 0 errors, 1 left on base; Nebraska 0 - Utah 1 | TOP OF THE 3RD |
---|
Nebraska Cornhuskers batting - Pitching for Utah Utes : RHP Jacob Pearson | Batting: RHB John Carr | 0-0: Foul Ball, location: 2F 0-1: Foul Ball, location: 2F 0-2: Ball 1-2: Strikes out swinging | Batting: RHB Paco Cabrera | 0-0: Ball 1-0: Ball 2-0: Ball 3-0: Called Strike 3-1: Called Strike 3-2: Foul Ball, location: 2F 3-2: Ground out 6-3 (Groundball, 6) | Batting: RHB Pedro Martínez | 0-0: Swinging Strike 0-1: Ball 1-1: Foul Ball, location: 2F 1-2: Strikes out swinging | Top of the 3rd over - 0 runs, 0 hits, 0 errors, 0 left on base; Nebraska 0 - Utah 1 | BOTTOM OF THE 3RD |
---|
Utah Utes batting - Pitching for Nebraska Cornhuskers : RHP Bob Curtis | Batting: RHB Kevin Hernández | 0-0: Foul Ball, location: 2F 0-1: Ball 1-1: Fly out, F9 (Line Drive, 9S) | Batting: RHB Jesús Bermúdez | 0-0: SINGLE (Groundball, 56D) | Batting: SHB Josh Conner | 0-0: Called Strike 0-1: Ball 1-1: Called Strike Jesús Bermúdez steals 2nd base 1-2: Strikes out swinging | Batting: RHB José Ayala | 0-0: 2-RUN HOME RUN (Flyball, 7D), Distance : 407 ft | Batting: RHB David Banks | 0-0: Called Strike 0-1: SINGLE (Line Drive, 8RS) | Batting: RHB Dustin Márquez | 0-0: Ball 1-0: Called Strike 1-1: Foul Ball, location: 2F 1-2: Strikes out swinging | Bottom of the 3rd over - 2 runs, 3 hits, 0 errors, 1 left on base; Nebraska 0 - Utah 3 | TOP OF THE 4TH |
---|
Nebraska Cornhuskers batting - Pitching for Utah Utes : RHP Jacob Pearson | Batting: RHB Ronald Hodge | 0-0: Called Strike 0-1: Ball 1-1: Ball 2-1: Foul Ball, location: 2F 2-2: Ball 3-2: Strikes out looking | Batting: LHB Edmund Bilbrey | 0-0: Foul Ball, location: 2F 0-1: Called Strike 0-2: Ball 1-2: Ball 2-2: DOUBLE (Line Drive, 89D) | Batting: LHB Wes Britton | 0-0: Swinging Strike 0-1: Ball 1-1: Ball 2-1: DOUBLE (Line Drive, 5D) Edmund Bilbrey scores | Batting: SHB David Stanley | 0-0: Ball 1-0: Ball 2-0: Called Strike 2-1: Swinging Strike 2-2: Ball 3-2: Base on Balls | Batting: LHB Luis García | 0-0: Ball 1-0: Swinging Strike 1-1: Ball Wes Britton steals 3rd base David Stanley to second 2-1: Ball 3-1: Foul Ball, location: 2F 3-2: Foul Ball, location: 2F 3-2: Ground out 6-3 (Groundball, 6) Wes Britton scores | Batting: RHB António Cruz | 0-0: Ball 1-0: Swinging Strike 1-1: Foul Ball, location: 2F 1-2: SINGLE (Flyball, 89M) David Stanley to third | Batting: RHB John Carr | 0-0: Foul Ball, location: 2F 0-1: Swinging Strike 0-2: Strikes out looking | Top of the 4th over - 2 runs, 3 hits, 0 errors, 2 left on base; Nebraska 2 - Utah 3 | BOTTOM OF THE 4TH |
---|
Utah Utes batting - Pitching for Nebraska Cornhuskers : RHP Bob Curtis | Batting: RHB Walt Miller | 0-0: Called Strike 0-1: Foul Ball, location: 2F 0-2: Foul Ball, location: 2F 0-2: Ball 1-2: Ball 2-2: Ball 3-2: SINGLE (Line Drive, 56) | Batting: RHB Leo Snyder | 0-0: Called Strike 0-1: Foul Ball, location: 2F 0-2: Strikes out swinging | Batting: LHB Thad Green | 0-0: Ball 1-0: Called Strike 1-1: Called Strike 1-2: Ball 2-2: 2-RUN HOME RUN (Flyball, 7LD), Distance : 356 ft | Batting: RHB Kevin Hernández | 0-0: Swinging Strike 0-1: Ball 1-1: Fly out, F9 (Flyball, 9D) | Batting: RHB Jesús Bermúdez | 0-0: Ball 1-0: Swinging Strike 1-1: Fly out, F6 (Popup, 6M) | Bottom of the 4th over - 2 runs, 2 hits, 0 errors, 0 left on base; Nebraska 2 - Utah 5 | TOP OF THE 5TH |
---|
Nebraska Cornhuskers batting - Pitching for Utah Utes : RHP Jacob Pearson | Batting: RHB Paco Cabrera | 0-0: Ball 1-0: Foul Ball, location: 2F 1-1: Ball 2-1: Ball 3-1: Foul Ball, location: 2F 3-2: Foul Ball, location: 2F 3-2: Base on Balls | Pitching: RHP Ryan Lee | | Batting: RHB Pedro Martínez | 0-0: Ball 1-0: Called Strike 1-1: Ball 2-1: Ball 3-1: Base on Balls Paco Cabrera to second | Batting: RHB Ronald Hodge | 0-0: Ball 1-0: Swinging Strike 1-1: Called Strike 1-2: Ball 2-2: Foul Ball, location: 2F 2-2: Ball 3-2: Foul Ball, location: 2F 3-2: Foul Ball, location: 2F 3-2: Strikes out swinging | Batting: LHB Edmund Bilbrey | 0-0: Called Strike 0-1: Ball Paco Cabrera steals 3rd base 1-1: Ball 2-1: Ball 3-1: Ground out U3 (Groundball, 3S) Paco Cabrera scores Pedro Martínez to second | Batting: LHB Wes Britton | 0-0: Ball 1-0: Ball 2-0: Ball 3-0: Called Strike 3-1: Base on Balls | Batting: SHB David Stanley | 0-0: Called Strike 0-1: Foul Ball, location: 2F 0-2: Fly out, F9 (Flyball, 9LS) | Top of the 5th over - 1 run, 0 hits, 0 errors, 2 left on base; Nebraska 3 - Utah 5 | BOTTOM OF THE 5TH |
---|
Utah Utes batting - Pitching for Nebraska Cornhuskers : RHP Bob Curtis | Pitching: LHP Germán Ramírez | | Batting: SHB Josh Conner | 0-0: Ball 1-0: Ball 2-0: Called Strike 2-1: Ball 3-1: Base on Balls | Batting: RHB José Ayala | 0-0: Foul Ball, location: 2F 0-1: Ball 1-1: Swinging Strike 1-2: Strikes out swinging | Batting: RHB David Banks | 0-0: Called Strike 0-1: Ball 1-1: Ball 2-1: Ball 3-1: Foul Ball, location: 2F 3-2: Foul Ball, location: 2F 3-2: Foul Ball, location: 2F 3-2: Strikes out looking | Batting: RHB Dustin Márquez | 0-0: Called Strike 0-1: Swinging Strike 0-2: SINGLE (Groundball, 34D) Josh Conner to second Runner from 2nd tries for 3rd, SAFE, throw made at trailing runner, OUT! | Bottom of the 5th over - 0 runs, 1 hit, 0 errors, 1 left on base; Nebraska 3 - Utah 5 | TOP OF THE 6TH |
---|
Nebraska Cornhuskers batting - Pitching for Utah Utes : RHP Ryan Lee | Batting: LHB Luis García | 0-0: Ball 1-0: Ball 2-0: Called Strike 2-1: Ball 3-1: Foul Ball, location: 2F 3-2: SINGLE (Groundball, 34D) | Batting: RHB António Cruz | 0-0: Called Strike 0-1: Ball 1-1: Ball 2-1: SINGLE (Groundball, 6) (infield hit) Luis García to second | Batting: RHB John Carr | 0-0: Ball 1-0: Fly out, F7 (Flyball, 78D) | Batting: RHB Paco Cabrera | 0-0: Called Strike 0-1: Ball 1-1: Foul Ball, location: 2F 1-2: Foul Ball, location: 2F 1-2: SINGLE (Groundball, 56S) (infield hit) Luis García to third António Cruz to second | Batting: RHB Pedro Martínez | 0-0: Called Strike 0-1: Ball 1-1: Swinging Strike 1-2: Ball 2-2: Ball 3-2: Base on Balls Luis García scores António Cruz to third Paco Cabrera to second | Batting: RHB Ronald Hodge | 0-0: Foul Ball, location: 2F 0-1: Foul Ball, location: 2F 0-2: Ball 1-2: Ball 2-2: Foul Ball, location: 2F 2-2: Ball 3-2: Fly out, F4 (Popup, 4D) | Pitching: RHP Timothy Díaz | | Batting: LHB Edmund Bilbrey | 0-0: Swinging Strike 0-1: Ball 1-1: SINGLE (Line Drive, 56D) António Cruz scores Paco Cabrera to third Pedro Martínez to second Runner from 3rd tries for Home, SAFE, no throw | Batting: LHB Wes Britton | 0-0: Ball 1-0: Called Strike 1-1: Called Strike 1-2: Strikes out swinging | Top of the 6th over - 3 runs, 4 hits, 0 errors, 2 left on base; Nebraska 6 - Utah 5 | BOTTOM OF THE 6TH |
---|
Utah Utes batting - Pitching for Nebraska Cornhuskers : LHP Germán Ramírez | Batting: RHB Walt Miller | 0-0: Fly out, F9 (Flyball, 9) | Batting: RHB Leo Snyder | 0-0: Foul Ball, location: 2F 0-1: Foul Ball, location: 2F 0-2: Strikes out looking | Batting: LHB Thad Green | 0-0: Ground out 4-3 (Groundball, 4M) | Bottom of the 6th over - 0 runs, 0 hits, 0 errors, 0 left on base; Nebraska 6 - Utah 5 | TOP OF THE 7TH |
---|
Nebraska Cornhuskers batting - Pitching for Utah Utes : RHP Timothy Díaz | Batting: SHB David Stanley | 0-0: Called Strike 0-1: Ball 1-1: Swinging Strike 1-2: Strikes out swinging | Batting: LHB Luis García | 0-0: Ball 1-0: Ball 2-0: Ball 3-0: Swinging Strike 3-1: Called Strike 3-2: Base on Balls | Batting: RHB António Cruz | 0-0: Ball 1-0: Ball Luis García steals 2nd base 2-0: Intentional Walk | Batting: RHB John Carr | 0-0: Ball 1-0: Ball 2-0: SINGLE (Flyball, 89S) Luis García to third António Cruz to second Throwing error, E9 Luis García scores António Cruz to third John Carr to second | Pinch Hitting: RHB Guy Bullard | 0-0: Intentional Walk | Pinch Hitting: RHB Orlando Valdéz | 0-0: Called Strike 0-1: Called Strike 0-2: Ball 1-2: Strikes out swinging | Batting: RHB Ronald Hodge | 0-0: Ball 1-0: Swinging Strike 1-1: Called Strike 1-2: Ground out 4-3 (Groundball, 4) | Top of the 7th over - 1 run, 1 hit, 1 error, 3 left on base; Nebraska 7 - Utah 5 | BOTTOM OF THE 7TH |
---|
Utah Utes batting - Pitching for Nebraska Cornhuskers : LHP Germán Ramírez | Now at 3B: Conner Whitney | | Now in RF: Guy Bullard | | Batting: RHB Kevin Hernández | 0-0: Foul Ball, location: 2F 0-1: Ball 1-1: Ground out 6-3 (Groundball, 6) | Batting: RHB Jesús Bermúdez | 0-0: Swinging Strike 0-1: Ball 1-1: Foul Ball, location: 2F 1-2: Ball 2-2: Strikes out swinging | Batting: SHB Josh Conner | 0-0: Ball 1-0: Ball 2-0: Ball 3-0: Called Strike 3-1: Base on Balls | Batting: RHB José Ayala | 0-0: Ball 1-0: Called Strike 1-1: Called Strike 1-2: Strikes out swinging | Bottom of the 7th over - 0 runs, 0 hits, 0 errors, 1 left on base; Nebraska 7 - Utah 5 | TOP OF THE 8TH |
---|
Nebraska Cornhuskers batting - Pitching for Utah Utes : RHP Timothy Díaz | Batting: LHB Edmund Bilbrey | 0-0: Called Strike 0-1: Ball 1-1: Foul Ball, location: 2F 1-2: Fly out, F6 (Line Drive, 6M) | Batting: LHB Wes Britton | 0-0: Ball 1-0: Ball 2-0: SINGLE (Groundball, 34D) | Batting: SHB David Stanley | 0-0: Called Strike Wes Britton steals 2nd base 0-1: DOUBLE (Flyball, 89D) Wes Britton scores | Batting: LHB Luis García | 0-0: Intentional Walk | Batting: RHB António Cruz | 0-0: Swinging Strike 0-1: Ball 1-1: Swinging Strike 1-2: Ball 2-2: SINGLE (Groundball, 34D) David Stanley to third Luis García to second Runner from 3rd tries for Home, SAFE, throw made home | Pitching: RHP Anderson Corrigan | | Batting: RHB John Carr | 0-0: Ball 1-0: Ball 2-0: Called Strike 2-1: Ball 3-1: Base on Balls Luis García to third António Cruz to second | Batting: RHB Guy Bullard | 0-0: Ball 1-0: Grounds into double play, 4-2-3 (Groundball, 4M) | Top of the 8th over - 2 runs, 3 hits, 0 errors, 2 left on base; Nebraska 9 - Utah 5 | BOTTOM OF THE 8TH |
---|
Utah Utes batting - Pitching for Nebraska Cornhuskers : LHP Germán Ramírez | Batting: RHB David Banks | 0-0: Swinging Strike 0-1: Ball 1-1: Called Strike 1-2: Ground out 5-3 (Groundball, 56) | Batting: RHB Dustin Márquez | 0-0: Ball 1-0: Called Strike 1-1: Foul Ball, location: 2F 1-2: Ball 2-2: Strikes out swinging | Batting: RHB Walt Miller | 0-0: Called Strike 0-1: Fly out, F7 (Flyball, 7S) | Bottom of the 8th over - 0 runs, 0 hits, 0 errors, 0 left on base; Nebraska 9 - Utah 5 | TOP OF THE 9TH |
---|
Nebraska Cornhuskers batting - Pitching for Utah Utes : RHP Anderson Corrigan | Batting: SHB Conner Whitney | 0-0: Ball 1-0: Ground out U3 (Groundball, 34) | Batting: RHB Ronald Hodge | 0-0: SINGLE (Groundball, 6MD) | Batting: LHB Edmund Bilbrey | 0-0: Called Strike Ronald Hodge steals 2nd base 0-1: Ball Throwing error on steal attempt, E2 Ronald Hodge scores 1-1: Ball 2-1: Ground out 6-3 (Groundball, 6) | Batting: LHB Wes Britton | 0-0: Foul Ball, location: 2F 0-1: Ball 1-1: Foul Ball, location: 2F 1-2: Foul Ball, location: 2F 1-2: Ball 2-2: Foul Ball, location: 2F 2-2: Ball 3-2: Fly out, F8 (Flyball, 8LD) | Top of the 9th over - 1 run, 1 hit, 1 error, 0 left on base; Nebraska 10 - Utah 5 | BOTTOM OF THE 9TH |
---|
Utah Utes batting - Pitching for Nebraska Cornhuskers : LHP Germán Ramírez | Batting: RHB Leo Snyder | 0-0: Ball 1-0: Called Strike 1-1: Ball 2-1: Ball 3-1: Ground out 5-3 (Groundball, 56) | Batting: LHB Thad Green | 0-0: Ball 1-0: Ball 2-0: Ball 3-0: Called Strike 3-1: Base on Balls | Pitching: RHP Juan Sánchez | | Batting: RHB Kevin Hernández | 0-0: Foul Ball, location: 2F 0-1: Called Strike 0-2: Ball 1-2: Foul Ball, location: 2F 1-2: Ball 2-2: Fielders Choice at 2nd, 4-6 (Groundball, 34) | Batting: RHB Jesús Bermúdez | 0-0: Ball 1-0: Ground out 6-3 (Groundball, 6M) | Bottom of the 9th over - 0 runs, 0 hits, 0 errors, 1 left on base; Nebraska 10 - Utah 5 | |